 Dungeon Crawl Stone Soup version 0.25-a0-942-g87a53962fc (webtiles) character file.

Game seed: 863848358669612505, levelgen mode: deterministic

115 kae the Chiller (level 5, -3/35 HPs)
             Began as a Merfolk Ice Elementalist on May 6, 2020.
             Slain by Grinder (8 damage)
             ... on level 3 of the Dungeon.
             The game lasted 00:01:26 (2612 turns).

kae the Chiller (Merfolk Ice Elementalist)          Turns: 2612, Time: 00:01:27

Health: -3/35      AC:  2    Str: 10    XL:     5   Next: 0%
Magic:  9/9        EV: 13    Int: 14    God:
Gold:   70         SH:  0    Dex: 14    Spells: 9/10 levels left

rFire    . . .     SeeInvis .   f - +0 mace (vorpal)
rCold    . . .     Gourm    .   (no shield)
rNeg     . . .     Faith    .   a - +0 robe
rPois    .         Spirit   .   (no helmet)
rElec    .         Reflect  .   (no cloak)
rCorr    .         Harm     .   (no gloves)
MR       .....                  (no boots)
Stlth    ++........             (no amulet)
HPRegen  0.11/turn              (no ring)
MPRegen  0.11/turn              (no ring)

@: mighty
A: change form in water, swift swim, stealthy swim
a: no special abilities


You were on level 3 of the Dungeon.
You were not hungry.

You visited 1 branch of the dungeon, and saw 3 of its levels.

You collected 70 gold pieces.

Inventory:

Hand Weapons
 f - a +0 vorpal mace (weapon)
Armour
 a - a +0 robe (worn)
Jewellery
 d - an uncursed ring of wizardry {unknown}
 k - an uncursed ring of resist corrosion
Scrolls
 b - a scroll of enchant armour {unknown}
 e - 2 scrolls of remove curse {unknown}
 h - a scroll of teleportation {unknown}
 i - a scroll of identify {unknown}
 l - a scroll of random uselessness {unknown}
 n - a scroll of amnesia {unknown}
 r - a scroll of noise {unknown}
Potions
 g - a potion of magic {unknown}
 j - a potion of curing {unknown}
 m - a potion of haste {unknown}
 p - a potion of lignification {unknown}
 q - 2 potions of heal wounds {unknown}
 s - a potion of berserk rage {unknown}
 t - a potion of stabbing {unknown}
Comestibles
 c - 6 rations


   Skills:
 - Level 2.6 Dodging
 - Level 2.1 Stealth
 + Level 3.0 Spellcasting
 * Level 6.1 Ice Magic


You had 9 spell levels left.
You knew the following spells:

 Your Spells              Type           Power        Failure   Level  Hunger
a - Freeze                Ice            ###.         1%          1    #......

Your spell library contained the following spells:

 Spells                   Type           Power        Failure   Level  Hunger
 Frozen Ramparts          Ice            ###...       5%          3    ###....
 Ozocubu's Armour         Chrm/Ice       ##......     19%         3    ###....
 Hailstorm                Conj/Ice       ##......     52%         4    #####..
 Summon Ice Beast         Ice/Summ       ##......     52%         4    #####..


Dungeon Overview and Level Annotations

Branches:
Dungeon (3/15)

Altars:
Ashenzari
Fedhas
Makhleb
Wu Jian

Annotations:
D:3 Grinder


Message History

Pain shoots through your body!
You thump Grinder!
Grinder is heavily wounded.
Grinder gestures at you. Pain shoots through your body!
You barely miss Grinder.
Grinder is heavily wounded.
Grinder hits you.
* * * LOW HITPOINT WARNING * * *
Grinder closely misses you.
You hit Grinder.
Grinder is heavily wounded.
Grinder hits you.
* * * LOW HITPOINT WARNING * * *
You writhe in agony.
* * * LOW HITPOINT WARNING * * *
You hit Grinder.
Grinder is severely wounded.
Grinder hits you!
You die... # ####.#### #.@5....# #.##.##.# #. # #. #? #. ##

You could see Grinder.

Vanquished Creatures
  Jessica (D:2)
  Robin (D:2)
  An adder (D:2)
  An ooze (D:2)
  4 worms (D:2)
  2 leopard geckos (D:2)
  2 ball pythons
  A giant cockroach (D:1)
  8 goblins
  8 hobgoblins
  4 jackals (D:1)
  A kobold (D:1)
  10 bats
  2 frilled lizards (D:2)
  3 rats
49 creatures vanquished.

Notes
Turn   | Place    | Note
-------+----------+-------------------------------------------
     0 | D:1      | kae the Merfolk Ice Elementalist began the quest for the
                  | Orb.
     0 | D:1      | Reached XP level 1. HP: 13/13 MP: 3/3
   484 | D:1      | Reached XP level 2. HP: 19/19 MP: 5/5
   791 | D:1      | Reached skill level 5 in Ice Magic
  1129 | D:2      | Noticed Jessica
  1133 | D:2      | Killed Jessica
  1133 | D:2      | Reached XP level 3. HP: 24/24 MP: 1/6
  1554 | D:2      | Reached XP level 4. HP: 14/30 MP: 3/8
  1818 | D:2      | Noticed Robin
  1829 | D:2      | Killed Robin
  2082 | D:2      | Found a burning altar of Makhleb.
  2084 | D:2      | Found a blossoming altar of Fedhas.
  2096 | D:2      | Found an ornate altar of the Wu Jian Council.
  2115 | D:2      | Found a shattered altar of Ashenzari.
  2285 | D:2      | Reached skill level 6 in Ice Magic
  2475 | D:2      | Reached XP level 5. HP: 35/35 MP: 7/9
  2603 | D:3      | Noticed Grinder
  2612 | D:3      | Slain by Grinder

Levels and vault maps discovered:
D:1:      psy_arrival_basics, layout_basic, serial_glass, glass_columns_a,
          glass_columns_b
D:2:      minmay_chambers_of_ones, layout_rooms, minitemple, old_standard_altar,
          uniq_robin, uniq_jessica
D:3:      layout_loops_cross, elyvilon_altar_5, first_ration, uniq_grinder,
          uniq_crazy_yiuf_cottage, uniq_terence

Skill      XL: |  1  2  3  4 |
---------------+-------------+-----
Ice Magic      | 5 6 |  6.1
Spellcasting   | 3 |  3.0
Dodging        | |  2.6
Stealth        | |  2.1

Action                   |  1- 3 |  4- 6 || total
-------------------------+-------+-------++-------
Melee: Mace              |    20 |    36 ||    56
       Unarmed           |     1 |       ||     1
 Cast: Freeze            |    35 |    29 ||    64
  Use: Potion            |       |     1 ||     1
 Stab: Sleeping          |     2 |     1 ||     3
       Distracted        |     1 |       ||     1
  Eat: Chunk             |     2 |     4 ||     6
Armor: Robe              |     7 |     9 ||    16
Dodge: Dodged            |    35 |    38 ||    73

Table legend:
 A = Non-vault XP
 B = Vault XP
 C = Vault XP percentage of total XP
 D = Non-vault monster count
 E = Vault monster count
 F = Vault count percentage of total count
                 A         B        C        D         E       F
            +---------+---------+-------+---------+---------+-------
      Total |      86 |      79 |  47.9 |      35 |      14 |  28.6
            +---------+---------+-------+---------+---------+-------
        D:1 |      28 |       0 |   0.0 |      15 |       0 |   0.0
        D:2 |      58 |      79 |  57.7 |      20 |      14 |  41.2
            +---------+---------+-------+---------+---------+-------
